 Dungeon Crawl Stone Soup version 0.17.0-28-g6e173f8 (webtiles) character file.

879 PossumBlood the Poker (level 7, 0/63 HPs)
             Began as a Minotaur Fighter on Dec 2, 2015.
             Killed from afar by an orc wizard (7 damage)
             ... with a magic dart
             ... on level 5 of the Dungeon.
             The game lasted 00:08:29 (4396 turns).

PossumBlood the Poker (Minotaur Fighter)            Turns: 4396, Time: 00:08:29

Health: 0/63       AC: 13    Str: 24    XL:     7   Next: 75%
Magic:  6/6        EV:  5    Int:  5    God:
Gold:   185        SH: 10    Dex: 10    Spells: 0 memorised, 6 levels left

rFire  . . .     SeeInvis .     a - +0 trident
rCold  . . .     Clarity  .     j - +1 plate armour
rNeg   . . .     SustAt   .     c - +0 shield
rPois  .         Gourm    .     (helmet restricted)
rElec  .         Spirit   .     (no cloak)
rCorr  .         Warding  .     (no gloves)
rMut   +         Stasis   .     (no boots)
MR     +....                    r - amulet of resist mutation
Stlth  ..........               (no ring)
                                h - ring of protection from magic

@: lethally poisoned (0 -> -35), somewhat resistant to hostile enchantments,
extremely unstealthy
A: retaliatory headbutt, horns 2, strong 1
a: no special abilities


You were on level 5 of the Dungeon.
You were not hungry.

You visited 1 branch of the dungeon, and saw 5 of its levels.

You collected 185 gold pieces.

Inventory:

Hand Weapons
 a - a +0 trident (weapon)
 b - a +0 quarterstaff of draining
 k - a +3 club
 l - a +2 dagger of draining
Missiles
 m - 4 silver tomahawks (quivered)
Armour
 c - a +0 shield (worn)
 j - a +1 plate armour (worn)
Jewellery
 h - a ring of protection from magic (left hand)
 r - an amulet of resist mutation (around neck)
Scrolls
 d - a scroll of identify
 i - a scroll of teleportation
 o - a scroll of fog {unknown}
 p - a scroll of recharging {unknown}
Potions
 e - a potion of flight
 f - a potion of heal wounds
Comestibles
 g - 2 meat rations


   Skills:
 + Level 6.0 Fighting
 * Level 6.6 Polearms
 + Level 6.0 Armour
 + Level 6.2 Shields


You had 6 spell levels left.
You didn't know any spells.

Dungeon Overview and Level Annotations

Branches:
Dungeon (5/15)
 Temple: D:4-7

Altars:
Makhleb
Trog
Vehumet


Innate Abilities, Weirdness & Mutations

You reflexively headbutt those who attack you in melee.
You have a pair of horns on your head.
Your muscles are strong. (Str +2)


Message History

The orc wizard hits you but does no damage.
The orc barely misses you.
The orc wizard hits you but does no damage.
You are more poisoned.
You barely miss the orc wizard.
The orc wizard is severely wounded.
* * * LOW HITPOINT WARNING * * *
You feel very sick. You block the orc wizard's attack.
The orc wizard hits you with a dagger.
* * * LOW HITPOINT WARNING * * *
The orc hits you but does no damage. You block the orc wizard's attack.
You barely miss the orc wizard. Your headbutt misses the orc wizard.
The orc wizard is severely wounded.
* * * LOW HITPOINT WARNING * * *
You feel very sick.
The orc wizard hits you but does no damage. x2
You block the orc's attack. The orc wizard casts a spell at you.
The magic dart hits you!
You die...

#................
#................
#................
#................
#...............#
#[............###
##......(.....##
#.o##........##
#@####.....###
#.oo# #######
.....## .......#
.......# ....##.#
#### #.# ##. #.#
#.. #.#


You could see 2 orc wizards and an orc.

Vanquished Creatures
  Sigmund (D:2)
  Menkaure (D:4)
  An ice beast (D:5)
  An ogre (D:4)
  A scorpion (D:5)
  A crimson imp (D:4)
  2 iguanas
  2 worker ants (D:4)
  An orc wizard (D:3)
  Robin (D:2)
  7 adders
  11 worms
  An adder skeleton (D:5)
  5 giant geckos
  15 orcs
  A ball python (D:1)
  6 bats
  4 giant cockroaches
  10 goblins
  12 hobgoblins
  2 jackals (D:2)
  5 quokkas
  4 giant newts
  6 kobolds
  8 rats
109 creatures vanquished.

Notes
Turn   | Place    | Note
--------------------------------------------------------------
     0 | D:1      | PossumBlood the Minotaur Fighter began the quest for the Orb.
     0 | D:1      | Reached XP level 1. HP: 19/19 MP: 0/0
   143 | D:1      | Gained mutation: Your muscles are strong. (Str +2) [potion of beneficial mutation]
   217 | D:1      | Reached XP level 2. HP: 25/27 MP: 1/1
   286 | D:1      | Reached skill level 4 in Shields
   644 | D:2      | Noticed Sigmund
   656 | D:2      | Reached XP level 3. HP: 7/33 MP: 2/2
   673 | D:2      | Killed Sigmund
   673 | D:2      | Reached XP level 4. HP: 3/41 MP: 3/3
   673 | D:2      | Reached XP level 5. HP: 3/47 MP: 4/4
  1316 | D:2      | Noticed Robin
  1335 | D:2      | Killed Robin
  1456 | D:2      | Reached skill level 5 in Fighting
  1759 | D:2      | Noticed a moth of wrath
  1761 | D:2      | Found a bloodstained altar of Trog.
  1787 | D:2      | Reached skill level 5 in Shields
  2054 | D:2      | Reached XP level 6. HP: 56/56 MP: 5/5
  2312 | D:3      | Reached skill level 5 in Polearms
  2312 | D:3      | Reached skill level 5 in Armour
  3377 | D:4      | Reached XP level 7. HP: 56/61 MP: 6/6
  3442 | D:4      | Noticed Menkaure
  3449 | D:4      | Killed Menkaure
  3449 | D:4      | Reached skill level 6 in Polearms
  3912 | D:4      | Found a burning altar of Makhleb.
  3913 | D:4      | Found a radiant altar of Vehumet.
  4049 | D:5      | Entered Level 5 of the Dungeon
  4396 | D:5      | Killed from afar by an orc wizard

Action                   |  1- 3 |  4- 6 |  7- 9 || total
-------------------------+-------+-------+-------++-------
Melee: Trident           |    60 |   261 |    92 ||   413
  Use: Potion            |     4 |     5 |     2 ||    11
       Scroll            |     2 |     4 |       ||     6
  Eat: Bread ration      |       |     2 |       ||     2
       Fruit             |       |     1 |     2 ||     3
       Pizza             |       |       |     1 ||     1
